 Dungeon Crawl Stone Soup version 0.19.5 (webtiles) character file.

864 Gargoyl the Chopper (level 8, -6/67 HPs)
             Began as a Ghoul Abyssal Knight on Apr 20, 2017.
             Was a Priest of Lugonu.
             Mangled by Pikel
             ... wielding a +0 whip of electrocution
              (15 damage)
             ... on level 5 of the Dungeon.
             The game lasted 00:10:47 (3951 turns).

Gargoyl the Chopper (Ghoul Abyssal Knight)          Turns: 3951, Time: 00:10:47

Health: -6/67      AC: 10    Str: 16      XL:     8   Next: 3%
Magic:  10/10      EV: 15    Int:  6 (7)  God:    Lugonu [***...]
Gold:   222        SH:  3    Dex:  9 (10) Spells: 0 memorised, 7 levels left

rFire  . . .     SeeInvis .     a - +2 hand axe
rCold  + . .     Gourm    .     q - +0 ring mail
rNeg   + + +     Faith    .     (no shield)
rPois  ∞         Spirit   .     l - +2 helmet
rElec  .         Reflect  +     j - +0 cloak
rCorr  .         Harm     .     (no gloves)
MR     .....                    (no boots)
Stlth  ..........               f - +3 amulet of reflection
                                (no ring)
                                d - +4 ring of evasion

@: rotting
A: rotting body, claws 1, carnivore 3, cold resistance 1, negative energy
resistance 3, slow regeneration 1, torment resistance, unbreathing
a: Depart the Abyss, Bend Space, Banish, Renounce Religion


You were on level 5 of the Dungeon.
You worshipped Lugonu.
Lugonu was most pleased with you.
You were not hungry.

You visited 1 branch of the dungeon, and saw 5 of its levels.
You visited the Abyss 1 time.

You collected 222 gold pieces.

Inventory:

Hand Weapons
 a - a +2 hand axe (weapon)
Armour
 j - a +0 cloak (worn)
 l - a +2 helmet (worn)
 q - a +0 ring mail (worn)
Jewellery
 d - a +4 ring of evasion (left claw)
 f - a +3 amulet of reflection (around neck)
Scrolls
 b - a scroll of amnesia
 e - 8 scrolls of identify
 i - a scroll of magic mapping
Comestibles
 c - 8 meat rations
 g - 2 beef jerkies
 h - a chunk of flesh


   Skills:
 + Level 4.7 Fighting
 + Level 4.8 Axes
 * Level 4.2 Armour
 + Level 2.2 Dodging
 * Level 4.7 Invocations


You had 7 spell levels left.
You didn't know any spells.

Dungeon Overview and Level Annotations

Branches:
Dungeon (5/15)
 Temple: D:4-7

Altars:
Fedhas
Makhleb
Ru

Annotations:
D:5 Pikel


Innate Abilities, Weirdness & Mutations

Your body is rotting away.
You thrive on raw meat.
You are immune to poison.
You have sharp fingernails.
You are carnivorous and can eat meat at any time.
Your flesh is cold resistant. (rC+)
You are immune to negative energy. (rN+++)
You regenerate slowly when monsters are visible.
You are immune to unholy pain and torment.
You can survive without breathing.


Message History

You block Pikel's attack.
You barely miss Pikel.
Pikel is heavily wounded.
Pikel hits you with a whip of electrocution.
You hit Pikel but do no damage.
Pikel is heavily wounded.
Pikel hits you with a whip of electrocution.
You hit Pikel but do no damage.
Pikel is heavily wounded.
Pikel hits you with a whip of electrocution!
* * * LOW HITPOINT WARNING * * *
Pikel zaps a wand.
You resist with some effort.
You hit Pikel but do no damage.
Pikel is heavily wounded.
Pikel hits you with a whip of electrocution.
* * * LOW HITPOINT WARNING * * *
You hit Pikel.
Pikel is heavily wounded.
Pikel hits you but does no damage.
You are electrocuted!
You die...

#<##.#
###....#
#...#....#
#.#.#.##.#
#.#.# # .. #
#)# #.#
#.########.#
#.@Kppp....#
#######....#
...# #.# ..
.


You could see Pikel and 3 slaves.

Vanquished Creatures
  Sigmund (D:4)
  A slave (D:5)
  An ogre (D:5)
  Crazy Yiuf (D:3)
  A hound (D:3)
  Jessica (D:2)
  Ijyb (D:2)
  3 worker ants
  A hound skeleton (D:4)
  Robin (D:2)
  4 adders
  An ufetubus (Abyss:1)
  3 worms
  5 leopard geckos
  4 giant cockroaches
  15 goblins
  17 hobgoblins
  14 jackals
  7 kobolds
  4 quokkas
  8 bats
  10 frilled lizards
  5 rats
109 creatures vanquished.

Vanquished Creatures (others)
  The ghost of Venard the Cleaver, a novice FoFi of Qazlal (D:4)
1 creature vanquished.

Grand Total: 110 creatures vanquished

Notes
Turn   | Place    | Note
-------+----------+-------------------------------------------
     0 | Abyss:1  | Gargoyl the Ghoul Abyssal Knight began the quest for the Orb.
     0 | Abyss:1  | Reached XP level 1. HP: 19/19 MP: 1/1
    48 | Abyss:1  | Noticed a quasit
    54 | D:1      | Escaped the Abyss
    62 | D:1      | Reached XP level 2. HP: 17/26 MP: 0/2
   153 | D:1      | Reached * piety under Lugonu
   171 | D:1      | Reached skill level 1 in Dodging
   173 | D:1      | HP: 1/26 [jackal (1)]
   257 | D:1      | Reached XP level 3. HP: 31/33 MP: 3/3
   718 | D:1      | Reached ** piety under Lugonu
   919 | D:2      | Noticed Jessica
   926 | D:2      | Killed Jessica
   926 | D:2      | Reached XP level 4. HP: 33/40 MP: 3/5
  1084 | D:2      | Noticed Ijyb
  1122 | D:2      | Killed Ijyb
  1122 | D:2      | Reached XP level 5. HP: 12/46 MP: 6/6
  1326 | D:2      | Noticed Robin
  1345 | D:2      | Reached *** piety under Lugonu
  1360 | D:2      | Killed Robin
  2177 | D:3      | Found a burning altar of Makhleb.
  2182 | D:3      | Reached XP level 6. HP: 44/52 MP: 7/7
  2378 | D:3      | Found a sacrificial altar of Ru.
  2552 | D:3      | Found a runed door.
  2556 | D:3      | Noticed Crazy Yiuf
  2576 | D:3      | Killed Crazy Yiuf
  2886 | D:4      | Noticed Sigmund
  2903 | D:4      | Killed Sigmund
  3236 | D:4      | Reached XP level 7. HP: 43/58 MP: 9/9
  3457 | D:4      | Found a blossoming altar of Fedhas.
  3466 | D:4      | Noticed Venard's ghost (novice FoFi)
  3472 | D:4      | Banished Venard's ghost
  3868 | D:5      | Entered Level 5 of the Dungeon
  3897 | D:5      | Reached XP level 8. HP: 24/67 MP: 10/10
  3918 | D:5      | Noticed Pikel
  3951 | D:5      | Mangled by Pikel

Skill      XL: |  1  2  3  4  5  6  7 |
---------------+----------------------+-----
Axes           | 2 3 4 |  4.8
Armour         | 2 3 4 |  4.2
Dodging        | 1 2 |  2.2
Invocations    | 3 4 |  4.7
Fighting       | 4 |  4.7

Action                   |  1- 3 |  4- 6 |  7- 9 || total
-------------------------+-------+-------+-------++-------
Melee: Hand axe          |   114 |   245 |    64 ||   423
Invok: Depart the Abyss  |     1 |       |       ||     1
       Banish            |       |       |     2 ||     2
       Bend Space        |       |       |     1 ||     1
  Use: Scroll            |     4 |     9 |     2 ||    15
       Potion            |       |     2 |     4 ||     6
  Eat: Chunk             |    20 |    47 |     8 ||    75
Armor: Leather armour    |    43 |    55 |     4 ||   102
       Ring mail         |       |       |    17 ||    17
Dodge: Dodged            |   128 |   194 |    30 ||   352
Block: Other             |       |     1 |     7 ||     8
